Connexion

PITTSBURGH Penguins vs NEW JERSEY Devils (R4)

Created - 4 septembre 2023 at 08:30

Goals
1 2 3 T
PITTSBURGH Penguins 0 0 0 0
NEW JERSEY Devils 1 1 2 4
Shots
1 2 3 T
PITTSBURGH Penguins 5 8 9 22
NEW JERSEY Devils 19 10 17 46

GoalsPenalties
1st period
1. NEW JERSEY Devils , Samuel Girard 4 (Evgeni Malkin 9, Max Domi 7) at 9:52
Victor Hedman (PIT) for Holding Stick (Minor) at 0:42
Max Domi (N.J) for Hooking (Minor) at 10:46
Steven Santini (PIT) for Hooking (Minor) at 12:56
Brad Marchand (PIT) for Hooking (Minor) at 19:09
2nd period
2. NEW JERSEY Devils , Sam Bennett 3 (Anton Lundell 3) at 18:14
Roope Hintz (N.J) for Interference (Minor) at 2:45
3rd period
3. NEW JERSEY Devils , Oliver Kylington 1 (Sam Bennett 2) at 10:16 (PP)
4. NEW JERSEY Devils , Max Domi 9 (Shayne Gostisbehere 10, Brent Burns 8) at 17:47
Brad Marchand (PIT) for Slashing (Minor) at 0:04
Roope Hintz (N.J) for Interference (Minor) at 0:43
Jared Spurgeon (PIT) for Tripping (Minor) at 9:13
Max Domi (N.J) for High sticking (Minor) at 12:04
Jared Spurgeon (PIT) for Interference (Minor) at 18:51
Goalie Stats
Darcy Kuemper (PIT), 42 saves from 46 shots - (0,913), L, 5-5-2, 60:00 minutes
Tristan Jarry (N.J), 22 saves from 22 shots - (1,000), W, 3-4-1, 60:00 minutes
3 StarsOfficial
1 - Tristan Jarry (N.J)
2 - Sam Bennett (N.J)
3 - Samuel Girard (N.J)
Referees : Chris Rooney and Tom Kowal
Linesman : Don Henderson and Tim Nowak
Game Note
No Game Note
Finance
Level 1 -- Attendance: 5369 (89,48%) -- Ticket Income 644 280 $
Level 2 -- Attendance: 4625 (100,00%) -- Ticket Income 393 125 $
Level 3 -- Attendance: 1401 (70,05%) -- Ticket Income 84 060 $
Level 4 -- Attendance: 4000 (100,00%) -- Ticket Income 140 000 $
Luxury Box -- Attendance: 1000 (100,00%) -- Ticket Income 180 000 $
Game was played at the Prudential Center.
Total Attendance: 16395 (93,02%)
Total Ticket Income: 1 441 465 $
Other Income: 288 293 $
Total Income: 1 729 758 $



Team Name Goals Shots Shots Attemp Shots Blocked PIM HIT PP PK FO%
PITTSBURGH Penguins 02243912200 / 4 (0%)143%
NEW JERSEY Devils 4469288201 / 6 (17%)057%

PITTSBURGH Penguins
Player Name POS G A P +/- PIM HIT SHT SB MP PP MP PP SHT PK MP PK SHT FO% FOT
Adam LarssonD000-2000120:052:4303:5900% 0
Alexander BarabanovLW/RW0000002011:440:0500:000100% 2
Andrei SvechnikovLW/RW000-1062115:323:4700:0000% 0
Brad MarchandLW/RW000-1450021:252:4903:52025% 4
Connor McDavidC000-1015025:042:4416:18048% 44
Gustav NyquistC/LW/RW000-1004015:323:4730:0000% 0
Jared Spurgeon D000-1421525:103:5314:0000% 0
Justin KloosC/RW000-100005:450:0000:00057% 7
Kevin ConnautonD0000001013:550:0000:0000% 0
Matthew NietoLW/RW0000000012:270:0000:4400% 1
Milan LucicLW000-100005:450:0000:0000% 1
Oliver Bjorkstrand LW/RW000-1013019:202:4901:45017% 6
Ross ColtonC0000001014:150:0003:10044% 9
Steven SantiniD0000210116:080:0002:1400% 0
Trevor CarrickD000-2010019:292:4303:2300% 0
Victor HedmanD000-1232125:093:5313:5800% 0
Vitali KravtsovRW000-100005:450:0000:0000% 0
William NylanderC/RW000-1001017:173:4701:45039% 18
NEW JERSEY Devils
Player Name POS G A P +/- PIM HIT SHT SB MP PP MP PP SHT PK MP PK SHT FO% FOT
Anton LundellC0111004019:034:4111:34052% 31
Brent BurnsD0112040118:353:1800:0000% 0
Bryan LittleC/RW0000002115:150:0004:42050% 14
Erik JohnsonD0000021014:360:0002:5600% 0
Evgeni MalkinC/RW0112013020:334:0610:00050% 4
Jordan HarrisD0000030114:360:0002:5600% 0
Kirill MarchenkoRW0000000010:330:0000:000100% 1
Max DomiC/LW1122404120:314:0610:00053% 17
Maxime ComtoisLW000000105:090:0000:200100% 1
Oliver KylingtonD1011023124:503:1823:4000% 0
Rem PitlickC/LW/RW0000000010:330:0000:00050% 2
Roope HintzC/LW0002423019:584:4010:0000% 1
Ryan HartmanC/RW000000206:230:0001:3400% 0
Sam BennettC/LW1121027020:404:0623:58087% 15
Samuel GirardD1011034226:495:2933:4000% 0
Sean KuralyC/LW000001204:490:0000:00067% 3
Shayne GostisbehereD0112008120:345:2940:0000% 0
Troy TerryRW0001002018:334:4111:0400% 3



Play-by-Play

1st period


0:01 of 1st period - Max Domi wins face-off versus Brad Marchand in neutral zone.
0:01 of 1st period - Samuel Girard is hit by Brad Marchand and loses puck.
0:23 of 1st period - Shot by Oliver Bjorkstrand .
0:23 of 1st period - Shot Misses the Net.
0:28 of 1st period - Samuel Girard is hit by Oliver Bjorkstrand and loses puck.
0:32 of 1st period - Evgeni Malkin is hit by Victor Hedman and loses puck.
0:42 of 1st period - Minor Penalty to Victor Hedman for Holding Stick.
0:43 of 1st period - Connor McDavid wins face-off versus Anton Lundell in PITTSBURGH Penguins zone.
0:59 of 1st period - Shot by Anton Lundell.
0:59 of 1st period - Stopped by Darcy Kuemper without a rebound.
1:00 of 1st period - Sam Bennett wins face-off versus Oliver Bjorkstrand in PITTSBURGH Penguins zone.
2:38 of 1st period - Shot by Sam Bennett.
2:38 of 1st period - Deflect By Evgeni Malkin.
2:38 of 1st period - Shot Blocked by Jared Spurgeon .
2:40 of 1st period - Shot by Evgeni Malkin.
2:40 of 1st period - Shot Misses the Net.
2:42 of 1st period - Shot by Oliver Kylington.
2:42 of 1st period - Stopped by Darcy Kuemper with a rebound.
3:58 of 1st period - Shot by Ryan Hartman.
3:58 of 1st period - Stopped by Darcy Kuemper without a rebound.
3:59 of 1st period - Anton Lundell wins face-off versus William Nylander in PITTSBURGH Penguins zone.
3:59 of 1st period - Sam Bennett is hit by Victor Hedman and loses puck.
4:07 of 1st period - Off-side.
4:08 of 1st period - William Nylander wins face-off versus Anton Lundell in neutral zone.
4:58 of 1st period - Icing by Samuel Girard.
4:59 of 1st period - Connor McDavid wins face-off versus Anton Lundell in NEW JERSEY Devils zone.
5:05 of 1st period - Icing by Oliver Kylington.
5:06 of 1st period - Sam Bennett wins face-off versus Connor McDavid in NEW JERSEY Devils zone.
5:06 of 1st period - Sam Bennett is hit by Brad Marchand.
5:09 of 1st period - Icing by Troy Terry.
5:10 of 1st period - Anton Lundell wins face-off versus Connor McDavid in NEW JERSEY Devils zone.
5:35 of 1st period - Shot by Max Domi.
5:35 of 1st period - Stopped by Darcy Kuemper with a rebound.
5:37 of 1st period - Shot by Shayne Gostisbehere.
5:37 of 1st period - Stopped by Darcy Kuemper without a rebound.
5:38 of 1st period - William Nylander wins face-off versus Bryan Little in PITTSBURGH Penguins zone.
6:04 of 1st period - Off-side.
6:05 of 1st period - Connor McDavid wins face-off versus Max Domi in neutral zone.
6:20 of 1st period - Shot by Connor McDavid.
6:20 of 1st period - Stopped by Tristan Jarry without a rebound.
6:21 of 1st period - Anton Lundell wins face-off versus Ross Colton in NEW JERSEY Devils zone.
6:33 of 1st period - Alexander Barabanov is hit by Brent Burns and loses puck.
6:42 of 1st period - Shot by Troy Terry.
6:42 of 1st period - Stopped by Darcy Kuemper without a rebound.
6:43 of 1st period - Max Domi wins face-off versus Connor McDavid in PITTSBURGH Penguins zone.
7:19 of 1st period - Shot by Oliver Bjorkstrand .
7:19 of 1st period - Stopped by Tristan Jarry without a rebound.
7:20 of 1st period - William Nylander wins face-off versus Anton Lundell in NEW JERSEY Devils zone.
8:58 of 1st period - Shot by Brad Marchand.
8:58 of 1st period - Shot Blocked by Bryan Little.
9:24 of 1st period - Shot by Connor McDavid.
9:24 of 1st period - Stopped by Tristan Jarry without a rebound.
9:25 of 1st period - Justin Kloos wins face-off versus Max Domi in NEW JERSEY Devils zone.
9:44 of 1st period - Shot by Vitali Kravtsov.
9:44 of 1st period - Deflect By Milan Lucic.
9:44 of 1st period - Shot Blocked by Max Domi.
9:52 of 1st period - Shot by Samuel Girard.
9:52 of 1st period - Goal by Samuel Girard - PITTSBURGH Penguins : 0 - NEW JERSEY Devils : 1.
9:53 of 1st period - Anton Lundell wins face-off versus Connor McDavid in neutral zone.
10:46 of 1st period - Minor Penalty to Max Domi for Hooking.
10:47 of 1st period - William Nylander wins face-off versus Bryan Little in NEW JERSEY Devils zone.
10:50 of 1st period - Shot by Gustav Nyquist.
10:50 of 1st period - Stopped by Tristan Jarry with a rebound.
11:06 of 1st period - Shot by Gustav Nyquist.
11:06 of 1st period - Stopped by Tristan Jarry without a rebound.
11:07 of 1st period - William Nylander wins face-off versus Bryan Little in NEW JERSEY Devils zone.
11:40 of 1st period - Shot by Andrei Svechnikov.
11:40 of 1st period - Shot Misses the Net.
11:53 of 1st period - Icing by Jared Spurgeon .
11:54 of 1st period - Connor McDavid wins face-off versus Anton Lundell in PITTSBURGH Penguins zone.
12:00 of 1st period - Connor McDavid is hit by Erik Johnson.
12:55 of 1st period - Icing by Matthew Nieto.
12:56 of 1st period - Max Domi wins face-off versus Ross Colton in PITTSBURGH Penguins zone.
12:56 of 1st period - Minor Penalty to Steven Santini for Hooking.
12:57 of 1st period - Connor McDavid wins face-off versus Anton Lundell in PITTSBURGH Penguins zone.
13:03 of 1st period - Icing by Roope Hintz.
13:04 of 1st period - Anton Lundell wins face-off versus Connor McDavid in NEW JERSEY Devils zone.
13:11 of 1st period - Shot by Shayne Gostisbehere.
13:11 of 1st period - Stopped by Darcy Kuemper without a rebound.
13:12 of 1st period - Sam Bennett wins face-off versus Connor McDavid in PITTSBURGH Penguins zone.
13:13 of 1st period - Shot by Oliver Kylington.
13:13 of 1st period - Shot Blocked by Jared Spurgeon .
13:15 of 1st period - Shot by Sam Bennett.
13:15 of 1st period - Deflect By Max Domi.
13:15 of 1st period - Shot Misses the Net.
13:17 of 1st period - Shot by Oliver Kylington.
13:17 of 1st period - Stopped by Darcy Kuemper without a rebound.
13:18 of 1st period - Connor McDavid wins face-off versus Evgeni Malkin in PITTSBURGH Penguins zone.
13:18 of 1st period - Brad Marchand is hit by Sam Bennett and loses puck.
13:31 of 1st period - Shot by Sam Bennett.
13:31 of 1st period - Stopped by Darcy Kuemper without a rebound.
13:32 of 1st period - Connor McDavid wins face-off versus Anton Lundell in PITTSBURGH Penguins zone.
13:45 of 1st period - Shot by Shayne Gostisbehere.
13:45 of 1st period - Stopped by Darcy Kuemper without a rebound.
13:46 of 1st period - Sam Bennett wins face-off versus Connor McDavid in PITTSBURGH Penguins zone.
13:49 of 1st period - Shot by Max Domi.
13:49 of 1st period - Deflect By Evgeni Malkin.
13:49 of 1st period - Shot Misses the Net.
14:03 of 1st period - Shot by Sam Bennett.
14:03 of 1st period - Stopped by Darcy Kuemper without a rebound.
14:04 of 1st period - Connor McDavid wins face-off versus Troy Terry in PITTSBURGH Penguins zone.
14:10 of 1st period - Icing by Brent Burns.
14:11 of 1st period - Connor McDavid wins face-off versus Anton Lundell in NEW JERSEY Devils zone.
14:22 of 1st period - Shot by Brad Marchand.
14:22 of 1st period - Shot Misses the Net.
14:48 of 1st period - Shot by Troy Terry.
14:48 of 1st period - Stopped by Darcy Kuemper without a rebound.
14:49 of 1st period - Sam Bennett wins face-off versus Oliver Bjorkstrand in PITTSBURGH Penguins zone.
15:13 of 1st period - Matthew Nieto is hit by Jordan Harris.
15:16 of 1st period - Ross Colton is hit by Jordan Harris and loses puck.
15:32 of 1st period - Off-side.
15:33 of 1st period - Max Domi wins face-off versus William Nylander in neutral zone.
15:33 of 1st period - Oliver Kylington is hit by Andrei Svechnikov and loses puck.
15:57 of 1st period - Gustav Nyquist is hit by Oliver Kylington and loses puck.
16:14 of 1st period - Shot by Roope Hintz.
16:14 of 1st period - Stopped by Darcy Kuemper with a rebound.
17:17 of 1st period - Shayne Gostisbehere is hit by Brad Marchand and loses puck.
17:28 of 1st period - Shot by Sam Bennett.
17:28 of 1st period - Shot Hit the Post.
17:30 of 1st period - Shot by Shayne Gostisbehere.
17:30 of 1st period - Stopped by Darcy Kuemper without a rebound.
17:31 of 1st period - Rem Pitlick wins face-off versus Matthew Nieto in PITTSBURGH Penguins zone.
17:46 of 1st period - Icing by Kirill Marchenko.
17:47 of 1st period - Kirill Marchenko wins face-off versus William Nylander in NEW JERSEY Devils zone.
17:47 of 1st period - Kirill Marchenko is hit by Andrei Svechnikov.
17:55 of 1st period - Shot by Bryan Little.
17:55 of 1st period - Shot Misses the Net.
17:57 of 1st period - Shot by Kirill Marchenko.
17:57 of 1st period - Shot Blocked by Andrei Svechnikov.
17:59 of 1st period - Shot by Kirill Marchenko.
17:59 of 1st period - Shot Misses the Net.
18:07 of 1st period - Shot by Kirill Marchenko.
18:07 of 1st period - Shot Misses the Net.
18:09 of 1st period - Shot by Bryan Little.
18:09 of 1st period - Stopped by Darcy Kuemper without a rebound.
18:10 of 1st period - Justin Kloos wins face-off versus Troy Terry in PITTSBURGH Penguins zone.
18:23 of 1st period - Shot by Justin Kloos.
18:23 of 1st period - Shot Blocked by Brent Burns.
18:54 of 1st period - Shot by Shayne Gostisbehere.
18:54 of 1st period - Stopped by Darcy Kuemper without a rebound.
18:55 of 1st period - Max Domi wins face-off versus Connor McDavid in PITTSBURGH Penguins zone.
19:09 of 1st period - Minor Penalty to Brad Marchand for Hooking.
19:10 of 1st period - Connor McDavid wins face-off versus Sam Bennett in PITTSBURGH Penguins zone.
19:21 of 1st period - Shot by Samuel Girard.
19:21 of 1st period - Stopped by Darcy Kuemper without a rebound.
19:22 of 1st period - Anton Lundell wins face-off versus Connor McDavid in PITTSBURGH Penguins zone.
19:36 of 1st period - Shot by Troy Terry.
19:36 of 1st period - Shot Blocked by Victor Hedman.
19:38 of 1st period - Shot by Anton Lundell.
19:38 of 1st period - Shot Misses the Net.
19:40 of 1st period - Shot by Oliver Kylington.
19:40 of 1st period - Shot Misses the Net.
19:42 of 1st period - Shot by Roope Hintz.
19:42 of 1st period - Stopped by Darcy Kuemper with a rebound.
19:44 of 1st period - Shot by Oliver Kylington.
19:44 of 1st period - Shot Blocked by Jared Spurgeon .
19:46 of 1st period - Shot by Anton Lundell.
19:46 of 1st period - Shot Hit the Post.
19:50 of 1st period - Shot by Roope Hintz.
19:50 of 1st period - Shot Misses the Net.
19:56 of 1st period - Shot by Troy Terry.
19:56 of 1st period - Shot Blocked by Jared Spurgeon .
Goals for this period are 0 for PITTSBURGH Penguins vs 1 for NEW JERSEY Devils.
Shots for this period are 5 for PITTSBURGH Penguins vs 19 for NEW JERSEY Devils.

2nd period


0:01 of 2nd period - Sam Bennett wins face-off versus Connor McDavid in neutral zone.
0:06 of 2nd period - Shot by Shayne Gostisbehere.
0:06 of 2nd period - Stopped by Darcy Kuemper without a rebound.
0:07 of 2nd period - Sam Bennett wins face-off versus Connor McDavid in PITTSBURGH Penguins zone.
0:08 of 2nd period - Shot by Samuel Girard.
0:08 of 2nd period - Stopped by Darcy Kuemper without a rebound.
0:09 of 2nd period - Sam Bennett wins face-off versus Ross Colton in PITTSBURGH Penguins zone.
0:12 of 2nd period - Shot by Evgeni Malkin.
0:12 of 2nd period - Stopped by Darcy Kuemper without a rebound.
0:13 of 2nd period - Connor McDavid wins face-off versus Sam Bennett in PITTSBURGH Penguins zone.
1:16 of 2nd period - Shot by Justin Kloos.
1:16 of 2nd period - Shot Misses the Net.
2:12 of 2nd period - Icing by Milan Lucic.
2:13 of 2nd period - Justin Kloos wins face-off versus Anton Lundell in PITTSBURGH Penguins zone.
2:30 of 2nd period - Shot by Anton Lundell.
2:30 of 2nd period - Shot Misses the Net.
2:32 of 2nd period - Shot by Troy Terry.
2:32 of 2nd period - Deflect By Anton Lundell.
2:32 of 2nd period - Stopped by Darcy Kuemper without a rebound.
2:33 of 2nd period - Connor McDavid wins face-off versus Max Domi in PITTSBURGH Penguins zone.
2:33 of 2nd period - Connor McDavid is hit by Roope Hintz.
2:45 of 2nd period - Minor Penalty to Roope Hintz for Interference.
2:46 of 2nd period - Bryan Little wins face-off versus William Nylander in NEW JERSEY Devils zone.
2:57 of 2nd period - Bryan Little is hit by Andrei Svechnikov and loses puck.
3:06 of 2nd period - Shot by William Nylander.
3:06 of 2nd period - Shot Blocked by Samuel Girard.
3:08 of 2nd period - Shot by Andrei Svechnikov.
3:08 of 2nd period - Shot Blocked by Samuel Girard.
3:10 of 2nd period - Shot by Gustav Nyquist.
3:10 of 2nd period - Stopped by Tristan Jarry without a rebound.
3:11 of 2nd period - Bryan Little wins face-off versus Connor McDavid in NEW JERSEY Devils zone.
3:39 of 2nd period - Shot by Oliver Bjorkstrand .
3:39 of 2nd period - Shot Misses the Net.
3:41 of 2nd period - Shot by Connor McDavid.
3:41 of 2nd period - Stopped by Tristan Jarry without a rebound.
3:42 of 2nd period - Anton Lundell wins face-off versus William Nylander in NEW JERSEY Devils zone.
3:51 of 2nd period - Oliver Kylington is hit by Andrei Svechnikov and loses puck.
4:06 of 2nd period - Shot by William Nylander.
4:06 of 2nd period - Deflect By Gustav Nyquist.
4:06 of 2nd period - Shot Misses the Net.
4:14 of 2nd period - Victor Hedman is hit by Sam Bennett and loses puck.
4:52 of 2nd period - Matthew Nieto is hit by Brent Burns and loses puck.
6:39 of 2nd period - Shot by Andrei Svechnikov.
6:39 of 2nd period - Stopped by Tristan Jarry without a rebound.
6:40 of 2nd period - Anton Lundell wins face-off versus William Nylander in NEW JERSEY Devils zone.
7:14 of 2nd period - Gustav Nyquist is hit by Erik Johnson.
7:18 of 2nd period - Shot by William Nylander.
7:18 of 2nd period - Stopped by Tristan Jarry without a rebound.
7:19 of 2nd period - Alexander Barabanov wins face-off versus Max Domi in NEW JERSEY Devils zone.
7:43 of 2nd period - Alexander Barabanov is hit by Brent Burns and loses puck.
7:53 of 2nd period - Off-side.
7:54 of 2nd period - Bryan Little wins face-off versus Connor McDavid in neutral zone.
8:27 of 2nd period - Shot by Kirill Marchenko.
8:27 of 2nd period - Shot Blocked by Jared Spurgeon .
8:29 of 2nd period - Shot by Kirill Marchenko.
8:29 of 2nd period - Shot Misses the Net.
8:31 of 2nd period - Shot by Bryan Little.
8:31 of 2nd period - Shot Misses the Net.
10:21 of 2nd period - Shot by Evgeni Malkin.
10:21 of 2nd period - Shot Misses the Net.
11:32 of 2nd period - Shot by Sean Kuraly.
11:32 of 2nd period - Shot Misses the Net.
11:34 of 2nd period - Shot by Sean Kuraly.
11:34 of 2nd period - Shot Misses the Net.
11:36 of 2nd period - Shot by Shayne Gostisbehere.
11:36 of 2nd period - Shot Misses the Net.
11:49 of 2nd period - Icing by Shayne Gostisbehere.
11:50 of 2nd period - Sean Kuraly wins face-off versus Oliver Bjorkstrand in NEW JERSEY Devils zone.
11:54 of 2nd period - Off-side.
11:55 of 2nd period - Max Domi wins face-off versus Connor McDavid in neutral zone.
12:07 of 2nd period - Off-side.
12:08 of 2nd period - Anton Lundell wins face-off versus Justin Kloos in neutral zone.
12:12 of 2nd period - Samuel Girard is hit by Victor Hedman and loses puck.
12:34 of 2nd period - Troy Terry is hit by Jared Spurgeon and loses puck.
12:42 of 2nd period - Icing by Jared Spurgeon .
12:43 of 2nd period - Evgeni Malkin wins face-off versus Milan Lucic in PITTSBURGH Penguins zone.
12:55 of 2nd period - Vitali Kravtsov is hit by Evgeni Malkin and loses puck.
13:04 of 2nd period - Shot by Roope Hintz.
13:04 of 2nd period - Shot Misses the Net.
13:10 of 2nd period - Shot by Shayne Gostisbehere.
13:10 of 2nd period - Stopped by Darcy Kuemper without a rebound.
13:11 of 2nd period - Bryan Little wins face-off versus Connor McDavid in PITTSBURGH Penguins zone.
13:14 of 2nd period - Shot by Samuel Girard.
13:14 of 2nd period - Shot Misses the Net.
13:16 of 2nd period - Shot by Rem Pitlick.
13:16 of 2nd period - Deflect By Bryan Little.
13:16 of 2nd period - Shot Misses the Net.
13:18 of 2nd period - Shot by Bryan Little.
13:18 of 2nd period - Stopped by Darcy Kuemper without a rebound.
13:19 of 2nd period - Connor McDavid wins face-off versus Anton Lundell in PITTSBURGH Penguins zone.
13:51 of 2nd period - Icing by Adam Larsson.
13:52 of 2nd period - Connor McDavid wins face-off versus Max Domi in PITTSBURGH Penguins zone.
13:52 of 2nd period - Brad Marchand is hit by Roope Hintz and loses puck.
14:11 of 2nd period - Shot by Oliver Bjorkstrand .
14:11 of 2nd period - Stopped by Tristan Jarry without a rebound.
14:12 of 2nd period - Bryan Little wins face-off versus William Nylander in NEW JERSEY Devils zone.
14:54 of 2nd period - Shot by Andrei Svechnikov.
14:54 of 2nd period - Shot Blocked by Jordan Harris.
14:56 of 2nd period - Shot by Gustav Nyquist.
14:56 of 2nd period - Shot Misses the Net.
14:58 of 2nd period - Shot by Victor Hedman.
14:58 of 2nd period - Stopped by Tristan Jarry with a rebound.
15:32 of 2nd period - Shot by Alexander Barabanov.
15:32 of 2nd period - Stopped by Tristan Jarry with a rebound.
16:13 of 2nd period - Evgeni Malkin is hit by Steven Santini and loses puck.
16:32 of 2nd period - Shot by Sam Bennett.
16:32 of 2nd period - Stopped by Darcy Kuemper without a rebound.
16:33 of 2nd period - Maxime Comtois wins face-off versus Connor McDavid in PITTSBURGH Penguins zone.
16:38 of 2nd period - Shot by Ryan Hartman.
16:38 of 2nd period - Stopped by Darcy Kuemper without a rebound.
16:39 of 2nd period - Connor McDavid wins face-off versus Anton Lundell in PITTSBURGH Penguins zone.
17:04 of 2nd period - Shot by Oliver Bjorkstrand .
17:04 of 2nd period - Stopped by Tristan Jarry without a rebound.
17:05 of 2nd period - William Nylander wins face-off versus Rem Pitlick in NEW JERSEY Devils zone.
17:12 of 2nd period - Shot by William Nylander.
17:12 of 2nd period - Deflect By Andrei Svechnikov.
17:12 of 2nd period - Shot Misses the Net.
17:34 of 2nd period - Shot by Kirill Marchenko.
17:34 of 2nd period - Shot Misses the Net.
18:12 of 2nd period - Shot by Evgeni Malkin.
18:12 of 2nd period - Stopped by Darcy Kuemper without a rebound.
18:13 of 2nd period - Anton Lundell wins face-off versus Brad Marchand in PITTSBURGH Penguins zone.
18:14 of 2nd period - Shot by Sam Bennett.
18:14 of 2nd period - Goal by Sam Bennett - PITTSBURGH Penguins : 0 - NEW JERSEY Devils : 2.
18:15 of 2nd period - Max Domi wins face-off versus Connor McDavid in neutral zone.
18:24 of 2nd period - Shot by Max Domi.
18:24 of 2nd period - Shot Misses the Net.
18:42 of 2nd period - Shot by Brad Marchand.
18:42 of 2nd period - Shot Misses the Net.
19:03 of 2nd period - Icing by Samuel Girard.
19:04 of 2nd period - Ross Colton wins face-off versus Roope Hintz in NEW JERSEY Devils zone.
19:04 of 2nd period - Alexander Barabanov is hit by Oliver Kylington and loses puck.
19:21 of 2nd period - Alexander Barabanov is hit by Samuel Girard and loses puck.
Goals for this period are 0 for PITTSBURGH Penguins vs 1 for NEW JERSEY Devils.
Shots for this period are 8 for PITTSBURGH Penguins vs 10 for NEW JERSEY Devils.

3rd period


0:01 of 3rd period - Connor McDavid wins face-off versus Max Domi in neutral zone.
0:04 of 3rd period - Minor Penalty to Brad Marchand for Slashing.
0:05 of 3rd period - Ross Colton wins face-off versus Anton Lundell in PITTSBURGH Penguins zone.
0:10 of 3rd period - Shot by Shayne Gostisbehere.
0:10 of 3rd period - Shot Misses the Net.
0:12 of 3rd period - Shot by Samuel Girard.
0:12 of 3rd period - Stopped by Darcy Kuemper without a rebound.
0:13 of 3rd period - Sam Bennett wins face-off versus Connor McDavid in PITTSBURGH Penguins zone.
0:42 of 3rd period - Shot by Max Domi.
0:42 of 3rd period - Stopped by Darcy Kuemper without a rebound.
0:43 of 3rd period - Connor McDavid wins face-off versus Anton Lundell in PITTSBURGH Penguins zone.
0:43 of 3rd period - Minor Penalty to Roope Hintz for Interference.
0:44 of 3rd period - Connor McDavid wins face-off versus Evgeni Malkin in NEW JERSEY Devils zone.
1:17 of 3rd period - Shot by Max Domi.
1:17 of 3rd period - Stopped by Darcy Kuemper without a rebound.
1:18 of 3rd period - Evgeni Malkin wins face-off versus Connor McDavid in PITTSBURGH Penguins zone.
1:37 of 3rd period - Shot by Connor McDavid.
1:37 of 3rd period - Shot Blocked by Shayne Gostisbehere.
1:42 of 3rd period - Max Domi is hit by Trevor Carrick and loses puck.
2:13 of 3rd period - Shot by Bryan Little.
2:13 of 3rd period - Shot Misses the Net.
2:33 of 3rd period - Shot by Victor Hedman.
2:33 of 3rd period - Stopped by Tristan Jarry with a rebound.
2:37 of 3rd period - Shot by Jared Spurgeon .
2:37 of 3rd period - Stopped by Tristan Jarry without a rebound.
2:38 of 3rd period - Alexander Barabanov wins face-off versus Bryan Little in NEW JERSEY Devils zone.
2:53 of 3rd period - Shot by Maxime Comtois.
2:53 of 3rd period - Stopped by Darcy Kuemper without a rebound.
2:54 of 3rd period - Ross Colton wins face-off versus Sean Kuraly in PITTSBURGH Penguins zone.
2:54 of 3rd period - Kevin Connauton is hit by Sean Kuraly and loses puck.
3:19 of 3rd period - Shot by Maxime Comtois.
3:19 of 3rd period - Shot Misses the Net.
3:21 of 3rd period - Shot by Maxime Comtois.
3:21 of 3rd period - Shot Misses the Net.
3:23 of 3rd period - Shot by Sean Kuraly.
3:23 of 3rd period - Shot Misses the Net.
3:25 of 3rd period - Shot by Samuel Girard.
3:25 of 3rd period - Shot Misses the Net.
3:27 of 3rd period - Shot by Sean Kuraly.
3:27 of 3rd period - Stopped by Darcy Kuemper with a rebound.
3:29 of 3rd period - Shot by Sean Kuraly.
3:29 of 3rd period - Shot Misses the Net.
4:06 of 3rd period - Shot by Roope Hintz.
4:06 of 3rd period - Shot Blocked by Steven Santini.
4:08 of 3rd period - Shot by Evgeni Malkin.
4:08 of 3rd period - Stopped by Darcy Kuemper without a rebound.
4:09 of 3rd period - Sam Bennett wins face-off versus Connor McDavid in PITTSBURGH Penguins zone.
4:18 of 3rd period - Shot by Sam Bennett.
4:18 of 3rd period - Shot Misses the Net.
4:20 of 3rd period - Shot by Troy Terry.
4:20 of 3rd period - Deflect By Anton Lundell.
4:20 of 3rd period - Shot Misses the Net.
4:22 of 3rd period - Shot by Erik Johnson.
4:22 of 3rd period - Stopped by Darcy Kuemper without a rebound.
4:23 of 3rd period - Max Domi wins face-off versus William Nylander in PITTSBURGH Penguins zone.
4:56 of 3rd period - Max Domi is hit by Andrei Svechnikov and loses puck.
5:35 of 3rd period - Shot by Connor McDavid.
5:35 of 3rd period - Stopped by Tristan Jarry without a rebound.
5:36 of 3rd period - Justin Kloos wins face-off versus Bryan Little in NEW JERSEY Devils zone.
6:56 of 3rd period - Shot by Brad Marchand.
6:56 of 3rd period - Deflect By Connor McDavid.
6:56 of 3rd period - Stopped by Tristan Jarry with a rebound.
7:52 of 3rd period - Max Domi is hit by Andrei Svechnikov and loses puck.
8:40 of 3rd period - Icing by Victor Hedman.
8:41 of 3rd period - Bryan Little wins face-off versus Ross Colton in PITTSBURGH Penguins zone.
8:59 of 3rd period - Alexander Barabanov is hit by Samuel Girard and loses puck.
9:02 of 3rd period - Shot by Alexander Barabanov.
9:02 of 3rd period - Stopped by Tristan Jarry without a rebound.
9:03 of 3rd period - Anton Lundell wins face-off versus Justin Kloos in NEW JERSEY Devils zone.
9:10 of 3rd period - Shot by Anton Lundell.
9:10 of 3rd period - Stopped by Darcy Kuemper without a rebound.
9:11 of 3rd period - Anton Lundell wins face-off versus Oliver Bjorkstrand in PITTSBURGH Penguins zone.
9:13 of 3rd period - Minor Penalty to Jared Spurgeon for Tripping.
9:14 of 3rd period - Anton Lundell wins face-off versus Connor McDavid in PITTSBURGH Penguins zone.
9:49 of 3rd period - Shot by Shayne Gostisbehere.
9:49 of 3rd period - Shot Misses the Net.
9:51 of 3rd period - Shot by Shayne Gostisbehere.
9:51 of 3rd period - Stopped by Darcy Kuemper without a rebound.
9:52 of 3rd period - Sam Bennett wins face-off versus Oliver Bjorkstrand in PITTSBURGH Penguins zone.
10:06 of 3rd period - Icing by Brent Burns.
10:07 of 3rd period - Sam Bennett wins face-off versus Brad Marchand in NEW JERSEY Devils zone.
10:12 of 3rd period - Shot by Oliver Kylington.
10:12 of 3rd period - Shot Misses the Net.
10:14 of 3rd period - Shot by Oliver Kylington.
10:14 of 3rd period - Shot Misses the Net.
10:16 of 3rd period - Shot by Oliver Kylington.
10:16 of 3rd period - Goal by Oliver Kylington - PITTSBURGH Penguins : 0 - NEW JERSEY Devils : 3.
10:17 of 3rd period - Bryan Little wins face-off versus William Nylander in neutral zone.
10:33 of 3rd period - William Nylander is hit by Jordan Harris and loses puck.
10:58 of 3rd period - Shot by Andrei Svechnikov.
10:58 of 3rd period - Stopped by Tristan Jarry without a rebound.
10:59 of 3rd period - Brad Marchand wins face-off versus Anton Lundell in NEW JERSEY Devils zone.
10:59 of 3rd period - Connor McDavid is hit by Samuel Girard.
11:33 of 3rd period - Shot by Sam Bennett.
11:33 of 3rd period - Stopped by Darcy Kuemper without a rebound.
11:34 of 3rd period - Ross Colton wins face-off versus Max Domi in PITTSBURGH Penguins zone.
11:53 of 3rd period - Shot by Alexander Barabanov.
11:53 of 3rd period - Shot Misses the Net.
12:04 of 3rd period - Minor Penalty to Max Domi for High sticking.
12:05 of 3rd period - Connor McDavid wins face-off versus Bryan Little in NEW JERSEY Devils zone.
12:38 of 3rd period - Shot by Connor McDavid.
12:38 of 3rd period - Shot Misses the Net.
13:04 of 3rd period - Jordan Harris is hit by Brad Marchand.
13:37 of 3rd period - Shot by William Nylander.
13:37 of 3rd period - Shot Blocked by Oliver Kylington.
14:22 of 3rd period - Shot by Ross Colton.
14:22 of 3rd period - Stopped by Tristan Jarry with a rebound.
14:33 of 3rd period - Alexander Barabanov is hit by Brent Burns and loses puck.
14:38 of 3rd period - Shot by Matthew Nieto.
14:38 of 3rd period - Shot Misses the Net.
14:40 of 3rd period - Shot by Kevin Connauton.
14:40 of 3rd period - Stopped by Tristan Jarry without a rebound.
14:41 of 3rd period - Sean Kuraly wins face-off versus Justin Kloos in NEW JERSEY Devils zone.
15:10 of 3rd period - Shot by Sean Kuraly.
15:10 of 3rd period - Stopped by Darcy Kuemper without a rebound.
15:11 of 3rd period - Anton Lundell wins face-off versus Connor McDavid in PITTSBURGH Penguins zone.
15:18 of 3rd period - Sam Bennett is hit by Connor McDavid and loses puck.
15:27 of 3rd period - Shot by Anton Lundell.
15:27 of 3rd period - Shot Misses the Net.
15:29 of 3rd period - Shot by Sam Bennett.
15:29 of 3rd period - Stopped by Darcy Kuemper without a rebound.
15:30 of 3rd period - Max Domi wins face-off versus William Nylander in PITTSBURGH Penguins zone.
15:33 of 3rd period - Shot by Roope Hintz.
15:33 of 3rd period - Stopped by Darcy Kuemper without a rebound.
15:34 of 3rd period - Connor McDavid wins face-off versus Troy Terry in PITTSBURGH Penguins zone.
15:53 of 3rd period - Shot by Troy Terry.
15:53 of 3rd period - Deflect By Sam Bennett.
15:53 of 3rd period - Stopped by Darcy Kuemper with a rebound.
15:55 of 3rd period - Shot by Sam Bennett.
15:55 of 3rd period - Shot Misses the Net.
15:57 of 3rd period - Shot by Samuel Girard.
15:57 of 3rd period - Deflect By Anton Lundell.
15:57 of 3rd period - Stopped by Darcy Kuemper without a rebound.
15:58 of 3rd period - William Nylander wins face-off versus Max Domi in PITTSBURGH Penguins zone.
16:17 of 3rd period - Shot by Brent Burns.
16:17 of 3rd period - Shot Blocked by Adam Larsson.
16:23 of 3rd period - Shot by Andrei Svechnikov.
16:23 of 3rd period - Deflect By Gustav Nyquist.
16:23 of 3rd period - Stopped by Tristan Jarry without a rebound.
16:24 of 3rd period - Sam Bennett wins face-off versus Connor McDavid in NEW JERSEY Devils zone.
16:26 of 3rd period - Icing by Oliver Kylington.
16:27 of 3rd period - Connor McDavid wins face-off versus Anton Lundell in NEW JERSEY Devils zone.
16:49 of 3rd period - Icing by Samuel Girard.
16:50 of 3rd period - Anton Lundell wins face-off versus William Nylander in NEW JERSEY Devils zone.
17:09 of 3rd period - Shot by William Nylander.
17:09 of 3rd period - Shot Misses the Net.
17:47 of 3rd period - Shot by Max Domi.
17:47 of 3rd period - Goal by Max Domi - PITTSBURGH Penguins : 0 - NEW JERSEY Devils : 4.
17:48 of 3rd period - Oliver Bjorkstrand wins face-off versus Bryan Little in neutral zone.
18:11 of 3rd period - Bryan Little is hit by Jared Spurgeon and loses puck.
18:20 of 3rd period - Bryan Little is hit by Brad Marchand and loses puck.
18:51 of 3rd period - Minor Penalty to Jared Spurgeon for Interference.
18:52 of 3rd period - Anton Lundell wins face-off versus Ross Colton in PITTSBURGH Penguins zone.
Goals for this period are 0 for PITTSBURGH Penguins vs 2 for NEW JERSEY Devils.
Shots for this period are 9 for PITTSBURGH Penguins vs 17 for NEW JERSEY Devils.